AoeStats
← FedericoPepe1

Arabia

508100710Analyzed
1v1 RM · 13d ago on Sep 20, 2026· 27m 49s· 2 players
Game mode
Random Map
Map size
Tiny (2 player)
Population
200
Speed
Normal
Resources
Standard
Victory
Conquest
Starting age
Dark Age
Ending age
Imperial Age
RankedLock teamsTeams togetherTeam positionsShared explorationLock speedFull tech treeHidden civsTurbo modeCheats
Victory
Defeat
🇦🇷 Romans · Argentina
520
+14
🇬🇧 Gurjaras · United Kingdom
472
-14
Lazytwotgamer
5:56 Loom
10:55 Feudal Age
12:17 Wheelbarrow
12:13 Double-Bit Axe
12:45 Horse Collar
16:37 Fletching
18:01 Gold Mining
18:03 Stone Mining
23:39 Castle Age
25:50 Padded Archer Armor
25:46 Bodkin Arrow
25:52 Scale Mail Armor
26:30 Bow Saw
26:58 Heavy Plow
26:47 Man-at-Arms
FedericoPepe1
9:07 Loom
10:54 Feudal Age
12:03 Double-Bit Axe
13:00 Horse Collar
15:07 Wheelbarrow
16:48 Gold Mining
17:29 Forging
21:17 Castle Age
20:48 Bloodlines
22:29 Bow Saw
22:29 Husbandry
23:12 Squires
22:32 Pikeman
24:03 Town Watch
25:58 Heavy Plow
26:04 Scale Mail Armor
26:40 Iron Casting
Connection lost

Rejoining the realm…

Still unreachable

The connection could not be restored.

Session expired

The server has moved on; the page needs a fresh start.